cohdb
Replays
Latest Replays
All Replays
Popular Replays
Top Player Replays
Match Explorer
How It Works
Community
CoH3 Stats
Reddit
Sign in to upload your games and track your stats! →
Sign in with Steam
Match 39391088
Unlisted
Match 39391088
Overview
Messages
Build Orders
End
Panzergrenadier Squad
Panzergrenadier Squad
Selects Armored Support Battlegroup
Construct Light Support Kompanie
Assault Grenadier Squad
2.5-tonne Medical Truck
MG34 Team
Selects Veteran Gunners
Assault Grenadier Squad
Panzerjäger Squad
Construct Mechanized Kompanie
Selects Flammpanzer III Medium Tank
Selects Flammpanzer III Medium Tank
Flammpanzer III Medium Tank
Marder III Tank Destroyer
Veteran Squad Leaders
Selects Vehicle Awareness
254 Reconnaissance Tractor
Selects Panzer Storm
MG34 Team
Artyom
XuZhongwei
0
0
Comments
sign in to comment!
No comments posted yet!